 Dungeon Crawl Stone Soup version 0.29.1-2-gbd0b4ee654 (webtiles) character file.

Game seed: 17213275456447263537

5573 Sabo the Fighter (level 10, -3/80 HPs)
             Began as a Demonspawn Berserker on Nov 19, 2022.
             Was an Elder of Trog.
             Slain by a vampire (10 damage)
             ... on level 9 of the Dungeon on Nov 20, 2022.
             The game lasted 01:09:48 (11910 turns).

Sabo the Fighter (Demonspawn Berserker)            Turns: 11910, Time: 01:09:49

Health: -3/80      AC: 14    Str: 22    XL:     10   Next: 44%
Magic:  0/19       EV:  7    Int:  9    God:    Trog [****..]
Gold:   588        SH:  8    Dex: 12    Spells: 9/9 levels left

rFire   + . .      SeeInvis .   v - +7 hand axe "Vigguiqa" {freeze, Fragile rPois rN+}
rCold   . . .      Faith    .   a - +0 kite shield
rNeg    + . .      Spirit   +   j - +0 chain mail
rPois   +          Reflect  .   p - +0 helmet
rElec   .          Harm     .   (no cloak)
rCorr   .          Rampage  .   (no gloves)
Will    .....                   u - +0 pair of boots
Stlth   ..........              f - amulet of guardian spirit
HPRegen 0.23/turn               e - ring of protection from fire
MPRegen 0.16/turn               J - ring of magical power

@: no status effects
A: powered by pain 2, spiny 2, sharp scales 1, demonic touch 1
a: Renounce Religion, Berserk, Trog's Hand, Brothers in Arms


You were on level 9 of the Dungeon.
You worshipped Trog.
Trog was greatly pleased with you.
You visited 1 branch of the dungeon, and saw 9 of its levels.

You collected 588 gold pieces.

Inventory:

Hand Weapons
 g - a +2 long sword of freezing
 k - a +2 antimagic mace
 q - a +2 morningstar of flaming
 v - the +7 hand axe "Vigguiqa" (weapon) {freeze, Fragile rPois rN+}
   (You found it on level 6 of the Dungeon)

   It freezes those it strikes, dealing additional cold damage.
   It can also slow down cold-blooded creatures.
   rPois:     It protects you from poison.
   rN:        It protects you from negative energy.
   Fragile:   It will be destroyed if unequipped.
 y - a +4 halberd of freezing
 A - a +0 shortbow
 C - a +2 morningstar
 D - a +4 flail
 H - a +5 long sword
 I - a +2 great sword
Armour
 a - a +0 kite shield (worn)
 j - a +0 chain mail (worn)
 p - a +0 helmet (worn)
 r - +0 steam dragon scales
 u - a +0 pair of boots (worn)
 G - a +0 troll leather armour
Jewellery
 e - a ring of protection from fire (left hand)
 f - an amulet of guardian spirit (around neck)
 w - a ring of ice
 J - a ring of magical power (right hand)
Wands
 n - a wand of iceblast (21)
Scrolls
 b - a scroll of fear
 h - a scroll of enchant armour {unknown}
 i - 4 scrolls of teleportation
 m - a scroll of enchant weapon
 o - a scroll of identify
 t - a scroll of poison {unknown}
 z - a scroll of vulnerability {unknown}
 E - a scroll of butterflies {unknown}
 F - a scroll of blinking {unknown}
Potions
 c - a potion of flight {unknown}
 d - a potion of curing
 l - a potion of invisibility {unknown}
 s - 2 potions of might
 x - 2 potions of heal wounds {unknown}
 B - a potion of attraction {unknown}


   Skills:
 + Level 8.0 Fighting
 + Level 6.1(7.8) Axes
 + Level 7.4(8.5) Maces & Flails
 + Level 7.5 Armour
 + Level 3.0 Dodging
 + Level 1.9 Stealth
 + Level 2.6 Shields


You had 9 spell levels left.
You didn't know any spells.
Your spell library was empty.

Dungeon Overview and Level Annotations

Branches:
Dungeon (9/15)             Temple (0/1) D:4
   Lair: D:8-11         Orc: D:9-12

Altars:
Hepliaklqana
Kikubaaqudgha
Nemelex Xobeh
Okawaru
Qazlal
Sif Muna
Uskayaw
Yredelemnul


Innate Abilities, Weirdness & Mutations

You sometimes gain power by taking damage.
You are mostly covered in sharp spines.
You are partially covered in razor-sharp scales. (AC +1, Slay +1)
Your touch may inflict minor irresistible damage on your foes.


Message History

You kill the kobold brigand!
Trog accepts your kill.
Your Fighting skill increases to level 8!
You start resting.
You hear some strange, mumbled words.
Something tries to affect you, but you resist.
A kobold comes into view. It is wielding a +0 dagger.
The kobold throws a stone.
The stone hits you but does no damage.
Things that are here:
a +0 short sword; 6 poisoned darts; 11 gold pieces Something hits you but does no damage.
Something bites you!
Something draws strength from your injuries!
You hit the kobold. You freeze the kobold.
You kill the kobold!
Trog accepts your kill.
You closely miss something. Something draws life force from you.
Something completely misses you. Something bites you.
Something draws strength from your injuries!
Things that are here:
a +0 dagger; 4 stones You hit something but do no damage.
Something hits you! Something bites you but does no damage.
You hit something. You freeze something. Something draws life force from you.
* * * LOW HITPOINT WARNING * * *
You hit something but do no damage. Something hits you!
* * * LOW HITPOINT WARNING * * *
You block something's attack. Something hits you.
* * * LOW HITPOINT WARNING * * *
Something bites you!
* * * LOW HITPOINT WARNING * * *
Something draws strength from your injuries!
You slash something! Something hits you but does no damage.
Something bites you but does no damage.
You barely miss something. Something hits you but does no damage.
Something bites you but does no damage.
You completely miss something. Something draws life force from you!
* * * LOW HITPOINT WARNING * * *
You feel better. Something hits you but does no damage. Something bites you!
You die...

##.#.###.#
#.....##.## .#..>
...# ..... #..#
#.#.#.# #..# #.#.#.#
#..#
####.#)#)###..##.#...
#./..))))..).@.....#
..>##.#.#####..######
##### #.#.# #..#
....###.#.# #..#
###).)....#####..#
#####))........#
#†########## #.# #.#


There were no monsters in sight!

Vanquished Creatures
  Maggie (D:6)
  Psyche (D:8)
  A troll (D:8)
  Grinder (D:6)
  A hornet (D:9)
  A wyvern (D:8)
  An acid dragon (D:8)
  2 sky beasts
  2 orc warriors (D:9)
  2 black bears
  2 ogres (D:5)
  3 ice beasts
  2 centaurs
  2 kobold brigands
  5 bullfrogs
  A gnoll sergeant (D:8)
  2 necrophages (D:6)
  A scorpion (D:5)
  24 wights
  3 howler monkeys
  2 jellies
  8 hounds
  An orc priest (D:6)
  A gnoll bouda (D:7)
  2 iguanas (D:5)
  9 orc wizards
  19 gnolls
  4 adders
  2 ufetubi (D:4)
  A worm (D:5)
  3 dart slugs
  31 orcs
  2 bats (D:3)
  6 endoplasms
  8 giant cockroaches
  2 goblins
  8 hobgoblins
  7 jackals
  2 quokkas (D:4)
  5 ball pythons
  4 frilled lizards (D:2)
  15 kobolds
  2 rats
  A spectral orc (D:3)
203 creatures vanquished.

Vanquished Creatures (others)
  12 fungi (D:7)
  7 plants (D:4)
19 creatures vanquished.

Grand Total: 222 creatures vanquished

Notes
Turn   | Place    | Note
-------+----------+-------------------------------------------
     0 | D:1      | Sabo the Demonspawn Berserker began the quest for the Orb.
     0 | D:1      | Reached XP level 1. HP: 18/18 MP: 1/1
   834 | D:1      | Found a faded altar of an unknown god.
  1860 | D:2      | Gained mutation: You are partially covered in sharp spines.
                  | [demonic ancestry]
  1860 | D:2      | Reached XP level 2. HP: 10/24 MP: 0/2
  2137 | D:2      | Gained mutation: Your touch may inflict minor irresistible
                  | damage on your foes. [demonic ancestry]
  2137 | D:2      | Reached XP level 3. HP: 10/29 MP: 1/3
  3124 | D:3      | Gained mutation: You are partially covered in razor-sharp
                  | scales. (AC +1, Slay +1) [demonic ancestry]
  3124 | D:3      | Reached XP level 4. HP: 37/37 MP: 4/4
  3270 | D:3      | Found a basalt altar of Yredelemnul.
  3395 | D:3      | Reached ** piety under Trog
  3840 | D:3      | Found a stormy altar of Qazlal.
  4111 | D:4      | Reached skill level 4 in Fighting
  4111 | D:4      | Reached XP level 5. HP: 42/42 MP: 1/5
  4260 | D:4      | Found a hazy altar of Hepliaklqana.
  4413 | D:4      | Reached skill level 1 in Maces & Flails
  4524 | D:4      | Found a staircase to the Ecumenical Temple.
  5005 | D:4      | Found a sparkling altar of Nemelex Xobeh.
  5500 | D:5      | Entered Level 5 of the Dungeon
  5526 | D:5      | Gained mutation: You are mostly covered in sharp spines.
                  | [demonic ancestry]
  5526 | D:5      | Reached XP level 6. HP: 48/49 MP: 2/6
  5589 | D:5      | Found a hide-covered altar of Uskayaw.
  6075 | D:5      | Noticed an ice beast
  6081 | D:5      | Killed an ice beast
  6289 | D:5      | Reached XP level 7. HP: 55/55 MP: 2/7
  6733 | D:5      | Reached skill level 5 in Maces & Flails
  6834 | D:6      | Reached *** piety under Trog
  6835 | D:6      | Reached skill level 5 in Fighting
  6932 | D:6      | Noticed Grinder
  6941 | D:6      | Reached XP level 8. HP: 62/62 MP: 1/8
  6950 | D:6      | Killed Grinder
  6951 | D:6      | Reached skill level 5 in Armour
  6953 | D:6      | Reached skill level 1 in Stealth
  7066 | D:6      | Noticed Maggie
  7223 | D:6      | Killed Maggie
  7809 | D:6      | Found an iron altar of Okawaru.
  8242 | D:6      | Identified the +7 hand axe "Vigguiqa" {freeze, Fragile
                  | rPois rN+}
  8372 | D:7      | Found an ancient bone altar of Kikubaaqudgha.
  8380 | D:7      | Reached skill level 6 in Fighting
  8380 | D:7      | Gained mutation: You sometimes gain a little power by
                  | taking damage. [demonic ancestry]
  8380 | D:7      | Reached XP level 9. HP: 63/69 MP: 6/9
  9319 | D:7      | Reached skill level 1 in Shields
  9957 | D:8      | Reached **** piety under Trog
  9960 | D:8      | Reached skill level 7 in Fighting
 10290 | D:8      | Reached skill level 5 in Axes
 10414 | D:8      | Found a shimmering blue altar of Sif Muna.
 10464 | D:8      | Gained mutation: You sometimes gain power by taking damage.
                  | [demonic ancestry]
 10464 | D:8      | Reached XP level 10. HP: 52/79 MP: 10/10
 11031 | D:8      | Noticed Psyche
 11036 | D:8      | Killed Psyche
 11896 | D:9      | Reached skill level 8 in Fighting
 11909 | D:9      | HP: 2/80 [something (7)]
 11910 | D:9      | Slain by a vampire

Illustrated notes

Levels and vault maps discovered:
D:1:      giann_wishing_wells, layout_basic, hellmonk_ecumenical_altar_zigzags
D:2:      layout_basic, minmay_misc_feat_pillars
D:3:      layout_loops_ring, grunt_qazlal_clouds,
          yredelemnul_forgotten_temple_becter
D:4:      layout_loops_ring, mainiacjoe_overflow_tiny_flanked,
          lemuel_crystal_altar, gammafunk_temple_overflow_elements,
          minmay_temple_entry_gardened_gates, serial_co_window_serial,
          co_window_paths_a, co_window_corner_a, co_window_of_opportunity_a,
          co_window_paths_b, co_window_corner_a, co_window_corner_a,
          co_window_corner_a, co_window_paths_b, co_window_corner_a,
          co_window_broadway_c, co_window_broadway_b, co_window_unsneaky_path_d,
          co_window_of_opportunity_c, co_window_corner_b,
          co_window_unsneaky_path_a, glass_columns_a, glass_columns_b,
          glass_columns_c, grunt_ministairs_11
D:5:      layout_loops_ring, amcnicky_altar_gilded, chequers_big_river
D:6:      layout_basic, mainiacjoe_overflow_24_doors, st_stairs_12,
          uniq_grinder, uniq_maggie
D:7:      layout_loops_ring, lemuel_crystal_altar, zin_academy,
          dreamdust_gnoll_farm
D:8:      layout_loops_ring, led_sif_pool, uniq_psyche
D:9:      layout_loops_ring

Skill      XL: |  1  2  3  4  5  6  7  8  9 10 |
---------------+-------------------------------+-----
Dodging        | 2 3 |  3.0
Armour         | 2 3 4 5 7 |  7.5
Axes           | 3 5 6 |  6.1
Fighting       | 4 5 6 7 8 |  8.0
Maces & Flails | 1 4 5 6 7 |  7.4
Stealth        | 1 |  1.9
Shields        | 2 |  2.6

Action                   |  1- 3 |  4- 6 |  7- 9 | 10-12 || total
-------------------------+-------+-------+-------+-------++-------
Melee: Hand axe          |    70 |     3 |   129 |    67 ||   269
       Touch             |     6 |    10 |    15 |       ||    31
       Mace              |       |   100 |    64 |       ||   164
       Punch             |       |     1 |     2 |       ||     3
       Morningstar       |       |       |     8 |       ||     8
Invok: Berserk           |       |       |     7 |       ||     7
  Use: Scroll            |     3 |     3 |     2 |       ||     8
       Potion            |       |     1 |       |     1 ||     2
Armor: Scale mail        |    33 |       |       |       ||    33
       Chain mail        |     3 |    54 |    84 |    40 ||   181
Dodge: Dodged            |    31 |    49 |    75 |    10 ||   165
Block: Kite shield       |       |       |    43 |    34 ||    77
